AoeStats
← King Vlad VII

Arabia

508645770Analyzed
1v1 RM · 10d ago on Sep 23, 2026· 51m 18s· 2 players
Game mode
Random Map
Map size
Tiny (2 player)
Population
200
Speed
Normal
Resources
Standard
Victory
Conquest
Starting age
Dark Age
Ending age
Imperial Age
RankedLock teamsTeams togetherTeam positionsShared explorationLock speedFull tech treeHidden civsTurbo modeCheats
Victory
Defeat
🇫🇷 Magyars · France
922
+19
🇬🇧 Saxons · United Kingdom
986
-33
Fr Spawn666
2:28 Loom
2:49 Loom
12:02 Feudal Age
12:45 Double-Bit Axe
17:12 Fletching
21:32 Castle Age
21:39 Crossbowman
22:22 Padded Archer Armor
22:17 Bodkin Arrow
23:22 Bow Saw
24:32 Leather Archer Armor
26:42 Horse Collar
27:27 Scale Barding Armor
28:17 Husbandry
28:29 Gold Mining
35:09 Chain Barding Armor
36:17 Murder Holes
38:10 Gold Shaft Mining
39:35 Ballistics
45:02 Imperial Age
43:12 Stone Mining
45:00 Wheelbarrow
45:19 Arbalester
46:03 Bracer
51:23 Chemistry
King Vlad VII
6:28 Loom
10:16 Feudal Age
10:49 Double-Bit Axe
14:15 Horse Collar
20:52 Fletching
23:48 Castle Age
23:11 Scale Mail Armor
23:47 Padded Archer Armor
23:56 Elite Skirmisher
24:34 Bodkin Arrow
27:00 Squires
27:58 Forging
31:43 Gambesons
34:36 Arson
37:28 Iron Casting
38:09 Bow Saw
41:25 Wheelbarrow
42:33 Heavy Plow
46:28 Gold Mining
47:26 Chain Mail Armor
48:28 Leather Archer Armor
48:31 Chain Mail Armor
51:30 Imperial Age
49:44 Leather Archer Armor
50:44 Hand Cart
Connection lost

Rejoining the realm…

Still unreachable

The connection could not be restored.

Session expired

The server has moved on; the page needs a fresh start.